 Dungeon Crawl Stone Soup version 0.30-a0-125-g51eefa89be (webtiles) character file.

Game seed: 6474716981189102664

394 Maken the Chopper (level 6, -6/56 HPs)
             Began as a Hill Orc Monk on Sept 19, 2022.
             Mangled by an ogre
             ... wielding a +0 giant club
              (19 damage)
             ... on level 4 of the Dungeon.
             The game lasted 00:09:17 (4730 turns).

Maken the Chopper (Hill Orc Monk)                   Turns: 4730, Time: 00:09:18

Health: -6/56      AC:  8    Str: 16    XL:     6   Next: 82%
Magic:  6/6        EV:  6    Int: 10    God:
Gold:   217        SH:  8    Dex: 13    Spells: 5/5 levels left

rFire   . . .      SeeInvis .    d - +0 war axe
rCold   . . .      Faith    .    i - +0 kite shield
rNeg    . . .      Spirit   .    x - +0 chain mail
rPois   .          Reflect  .    (no helmet)
rElec   .          Harm     .    (no cloak)
rCorr   .          Rampage  .    (no gloves)
Will    .....                    (no boots)
Stlth   ..........               (no amulet)
HPRegen 0.18/turn                (no ring)
MPRegen 0.10/turn                (no ring)

@: no status effects
A: no striking features
a: no special abilities


You were on level 4 of the Dungeon.
You visited 2 branches of the dungeon, and saw 6 of its levels.

You collected 217 gold pieces.

Inventory:

Hand Weapons
 a - a +0 hand axe
 d - a +0 war axe (weapon)
Armour
 b - a +0 robe
 i - a +0 kite shield (worn)
 s - a +0 ring mail
 x - a +0 chain mail (worn)
Jewellery
 j - an amulet of faith
 n - a ring of magical power
Scrolls
 f - 2 scrolls of noise {unknown}
 g - 5 scrolls of identify {unknown}
 k - a scroll of teleportation {unknown}
 o - a scroll of vulnerability {unknown}
 q - 3 scrolls of magic mapping {unknown}
 r - a scroll of summoning {unknown}
 t - a scroll of enchant weapon {unknown}
 v - a scroll of immolation {unknown}
 w - 3 scrolls of fog {unknown}
 y - a scroll of blinking {unknown}
Potions
 c - a potion of ambrosia
 e - a potion of invisibility {unknown}
 h - 3 potions of brilliance {unknown}
 l - a potion of flight {unknown}
 m - a potion of heal wounds
 p - a potion of attraction {unknown}
 u - a potion of curing {unknown}
 z - a potion of haste {unknown}
 A - a potion of degeneration {unknown}
 B - a potion of magic {unknown}


   Skills:
 + Level 5.0 Fighting
 * Level 6.5 Axes
 + Level 2.5 Armour
 + Level 3.3 Dodging
 - Level 1.5 Stealth
 + Level 2.6 Shields


You had 5 spell levels left.
You didn't know any spells.
Your spell library contained the following spells:

 Spells                   Type           Power      Damage    Failure   Level
 Magic Dart               Conj           0%         1d3       100%        1
 Ensorcelled Hibernation  Hex/Ice        0%         N/A       100%        2
 Searing Ray              Conj           0%         2d4       100%        2
 Confusing Touch          Hex            0%         N/A       100%        3
 Spider Form              Tmut/Pois      0%         N/A       100%        3
 Anguish                  Hex/Necr       0%         N/A       100%        4
 Animate Dead             Necr           0%         N/A       100%        4
 Fulminant Prism          Conj/Hex       0%         3d6       100%        4
 Borgnjor's Vile Clutch   Necr/Erth      0%         N/A       100%        5
 Yara's Violent Unravell  Hex/Tmut       0%         3d3       100%        5
 Death Channel            Necr           0%         N/A       100%        6
 Enfeeble                 Hex            0%         N/A       100%        7


Dungeon Overview and Level Annotations

Branches:
Dungeon (5/15)             Temple (1/1) D:4

Altars:
Ashenzari
Fedhas
Gozag
Hepliaklqana
Kikubaaqudgha
Qazlal
Sif Muna
Yredelemnul


Message History

You are no longer poisoned.
A hobgoblin is nearby!
The hobgoblin shouts!
An ogre comes into view. It is wielding a +0 giant club.
You hit the hobgoblin.
The hobgoblin is moderately wounded.
You block the hobgoblin's attack.
You barely miss the hobgoblin.
The hobgoblin is moderately wounded.
You block the hobgoblin's attack. The hobgoblin hits you.
You barely miss the hobgoblin.
The hobgoblin is moderately wounded.
The hobgoblin hits you but does no damage.
The hobgoblin attacks as you move away! You block the hobgoblin's attack.
The hobgoblin attacks as you move away! The hobgoblin closely misses you.
You closely miss the hobgoblin.
The hobgoblin is moderately wounded.
The hobgoblin hits you but does no damage.
You barely miss the hobgoblin.
The hobgoblin is moderately wounded.
You block the hobgoblin's attack. The hobgoblin barely misses you.
You hit the hobgoblin.
The hobgoblin is severely wounded.
The hobgoblin barely misses you.
You hit the hobgoblin.
You kill the hobgoblin!
You slash the ogre!
The ogre is moderately wounded.
The ogre hits you with a +0 giant club!!
* * * LOW HITPOINT WARNING * * *
You barely miss the ogre.
The ogre is moderately wounded.
You block the ogre's attack.
You completely miss the ogre.
The ogre is moderately wounded.
You block the ogre's attack.
You hit the ogre.
The ogre is moderately wounded.
The ogre hits you with a +0 giant club!!
You die...

# ###.##########
.............########
.# ##.........O@...#
.##.##.#####.######.#
...... #.# #.# ......
#.# #.# ###.# #.# #.#
### #.# #.# ....# #.#
#.# ##### #.######.#
# #....##..#


You could see an ogre.

Vanquished Creatures
  2 scorpions (D:4)
  A hound (D:4)
  Ijyb (D:4)
  Natasha (thrice) (D:2)
  9 adders
  3 dart slugs
  4 orcs
  3 endoplasms
  4 giant cockroaches
  8 goblins
  2 hobgoblins
  4 jackals (D:3)
  3 quokkas
  2 ball pythons
  4 bats
  2 kobolds
  4 rats
59 creatures vanquished.

Notes
Turn   | Place    | Note
-------+----------+-------------------------------------------
     0 | D:1      | Maken the Hill Orc Monk began the quest for the Orb.
     0 | D:1      | Reached XP level 1. HP: 19/19 MP: 1/1
   453 | D:1      | Reached XP level 2. HP: 25/27 MP: 2/2
   728 | D:1      | Found a faded altar of an unknown god.
  1598 | D:2      | Noticed Natasha
  1679 | D:3      | Reached skill level 1 in Armour
  1679 | D:3      | Reached XP level 3. HP: 21/33 MP: 3/3
  1922 | D:3      | Reached skill level 1 in Shields
  2186 | D:3      | Reached XP level 4. HP: 39/40 MP: 4/4
  2307 | D:3      | Reached skill level 5 in Axes
  2999 | D:2      | Killed Natasha
  3000 | D:2      | Reached XP level 5. HP: 36/47 MP: 5/5
  3126 | D:2      | Noticed Natasha
  3134 | D:2      | Killed Natasha
  3205 | D:2      | Noticed Natasha
  3296 | D:2      | Killed Natasha
  3550 | D:4      | Found a staircase to the Ecumenical Temple.
  3592 | D:4      | Noticed Ijyb
  3615 | Temple   | Entered the Ecumenical Temple
  3795 | D:4      | Killed Ijyb
  3989 | D:4      | Found a blossoming altar of Fedhas.
  4106 | D:4      | Found a hazy altar of Hepliaklqana.
  4151 | D:4      | Reached XP level 6. HP: 53/53 MP: 6/6
  4171 | D:4      | Reached skill level 6 in Axes
  4523 | D:4      | You fall into a shaft and drop 1 floor!
  4523 | D:5      | Entered Level 5 of the Dungeon
  4664 | D:4      | Reached skill level 5 in Fighting
  4730 | D:4      | Mangled by an ogre

Illustrated notes

Levels and vault maps discovered:
D:1:      heliophobic_arrival_battle_scene, layout_loops_corners,
          hellmonk_ecumenical_altar_arch_garden, grunt_decor_fettered,
          hangedman_decor_push
D:2:      layout_basic, uniq_natasha
D:3:      layout_basic
D:4:      layout_loops_ring, trog_book, lemuel_tele_altar, minitemple,
          minmay_temple_entry_offerings, serial_shops,
          nicolae_shop_hallway_plus, uniq_ijyb
D:5:      layout_rooms, lemuel_crystal_altar, serial_shops, shop,
          nicolae_shop_statue_plus
Temple:   nicolae_temple_ecumenical_triangle

Skill      XL: |  1  2  3  4  5  6 |
---------------+-------------------+-----
Armour         | 1 2 |  2.5
Fighting       | 4 5 |  5.0
Shields        | 1 2 |  2.6
Axes           | 5 6 |  6.5
Dodging        | 3 |  3.3
Stealth        | |  1.5

Action                   |  1- 3 |  4- 6 || total
-------------------------+-------+-------++-------
Melee: War axe           |    67 |   150 ||   217
       Hand axe          |     4 |       ||     4
  Use: Potion            |       |     1 ||     1
 Stab: Sleeping          |     4 |       ||     4
Armor: Robe              |     7 |       ||     7
       Ring mail         |    11 |     9 ||    20
       Chain mail        |       |    73 ||    73
Dodge: Dodged            |    35 |    36 ||    71
Block: Kite shield       |    19 |    61 ||    80

Table legend: (Time is in decaauts)
 A = Elapsed time spent in this place.
 B = Non-inter-level travel time spent in this place.
 C = Inter-level travel time spent in this place.
 D = Time resting spent in this place.
 E = Time spent auto-exploring this place.
 F = Levels seen in this place.
 G = Mean time per level.
                   A        B        C        D        E       F      G
               +--------+--------+--------+--------+--------+-----+--------+
         Total |   4831 |   4669 |    162 |    349 |   3564 |   6 |  805.2 |
       Dungeon |   4662 |   4500 |    162 |    181 |   3564 |   5 |  932.4 |
        Temple |    169 |    169 |      0 |    168 |      0 |   1 |  169.0 |
               +--------+--------+--------+--------+--------+-----+--------+

Top non-repeatable levels by time:
     D:3: 1265 daAuts
     D:1: 1245 daAuts
     D:2: 1144 daAuts
     D:4: 963 daAuts
  Temple: 169 daAuts
     D:5: 42 daAuts
